 Dungeon Crawl Stone Soup version 0.29-a0-82-g837932c90e (webtiles) character file.

Game seed: 14922535647534528315

690 dolemite99 the Cleaver (level 7, -1/51 HPs)
             Began as a Hill Orc Monk on Feb 4, 2022.
             Was a Believer of Hepliaklqana.
             Slain by an orc warrior (13 damage)
             ... on level 6 of the Dungeon.
             The game lasted 00:06:35 (6387 turns).

dolemite99 the Cleaver (Hill Orc Monk)              Turns: 6387, Time: 00:06:36

Health: -1/51      AC:  9    Str: 16    XL:     7   Next: 63%
Magic:  7/7        EV: 10    Int: 18    God:    Hepliaklqana [**....]
Gold:   207        SH:  0    Dex: 13    Spells: 6/6 levels left

rFire   . . .      SeeInvis .   a - +0 war axe
rCold   . . .      Faith    .   (no shield)
rNeg    . . .      Spirit   .   i - +0 scale mail
rPois   +          Reflect  .   (no helmet)
rElec   .          Harm     .   C - +0 cloak
rCorr   .          Rampage  .   o - +1 pair of gloves
Will    .....                   (no boots)
Stlth   ..........              (no amulet)
HPRegen 0.17/turn               s - ring of poison resistance
MPRegen 0.10/turn               p - +6 ring of intelligence

@: flying
A: reduced essence, talons 1, clever 1
a: Renounce Religion, Recall Ancestor, Ancestor Identity


You were on level 6 of the Dungeon.
You worshipped Hepliaklqana.
Hepliaklqana was pleased with you.
You visited 2 branches of the dungeon, and saw 7 of its levels.

You collected 207 gold pieces.

Inventory:

Hand Weapons
 a - a +0 war axe (weapon)
 l - a +0 vampiric hand axe
Missiles
 b - 29 sling bullets
 k - 218 stones (quivered)
 y - 3 silver javelins
Armour
 i - a +0 scale mail (worn)
 o - a +1 pair of gloves (worn)
 C - a +0 cloak (worn)
Jewellery
 p - a +6 ring of intelligence (right hand)
 s - a ring of poison resistance (left hand)
Scrolls
 n - a scroll of blinking
 t - 3 scrolls of teleportation {unknown}
 w - a scroll of amnesia
 x - a scroll of fog {unknown}
 z - a scroll of immolation {unknown}
 A - a scroll of torment {unknown}
Potions
 c - 2 potions of curing
 d - a potion of degeneration {unknown}
 e - 2 potions of haste {unknown}
 g - a potion of attraction
 h - a potion of flight
 j - a potion of mutation
 m - a potion of lignification {unknown}
 u - a potion of berserk rage {unknown}
 v - a potion of ambrosia {unknown}
 D - a potion of magic {unknown}


   Skills:
 - Level 3.6 Fighting
 + Level 11.3 Axes
 - Level 2.4 Dodging
 - Level 1.5 Stealth


You had 6 spell levels left.
You didn't know any spells.
Your spell library contained the following spells:

 Spells                   Type           Power      Damage    Failure   Level
 Ozocubu's Armour         Ice            0%         N/A       94%         3
 Ozocubu's Refrigeration  Ice            0%         4d5       100%        7


Dungeon Overview and Level Annotations

Branches:
Dungeon (6/15)             Temple (1/1) D:4

Altars:
Cheibriados
Dithmenos
Gozag
Hepliaklqana
Kikubaaqudgha
Makhleb
Qazlal
Sif Muna
Trog
Uskayaw
Vehumet
Wu Jian
Yredelemnul
Zin

Shops:
D:1 [

Annotations:
D:2 exclusion: downstairs
D:3 exclusion: door


Innate Abilities, Weirdness & Mutations

Your life essence is reduced to manifest your ancestor. (-10% HP)
You have sharp toenails.
Your mind is acute. (Int +2)


Message History

The orc warrior hits Nkonkoni with a +0 scimitar!
Nkonkoni barely misses the orc warrior.
The orc warrior hits Nkonkoni with a +0 scimitar!!
Nkonkoni is destroyed!
Okay, then.
You aren't carrying any items that you can evoke.
Unknown command.
Throw: 4 javelins (silver)
Press: ? - help, Shift-Dir - straight line, f - orc
Aim: an orc, wielding a +0 club (57% to hit)
You throw a silver javelin.
The silver javelin pierces through the orc warrior but does no damage.
The orc warrior is lightly wounded.
The silver javelin pierces through the orc!
You kill the orc!
The orc warrior hits you with a +0 scimitar.
The orc warrior barely misses you.
You closely miss the orc warrior.
The orc warrior is lightly wounded.
The orc warrior hits you with a +0 scimitar!!
An orc wizard comes into view. It is wielding a +0 dagger.
The orc wizard shouts!
You barely miss the orc warrior.
The orc warrior is lightly wounded.
The orc warrior hits you with a +0 scimitar!
You slash the orc warrior!
The orc warrior is heavily wounded.
The orc warrior hits you with a +0 scimitar.
* * * LOW HITPOINT WARNING * * *
You hit the orc warrior.
The orc warrior is heavily wounded.
The orc warrior barely misses you.
It was a potion of mutation.
You feel extremely strange.
Your toenails lengthen and sharpen.
You feel clever. The orc warrior closely misses you.
It was a potion of flight.
You feel very buoyant.
You fly up into the air.
The orc warrior hits you with a +0 scimitar!
You die...

#### ..# #.# o
#.# ..o #@#
######..o## #o#
#..........
#o#####.####...##
#(........(....#
#######.#####+##
#.# #.# #.# #.#


You could see an orc warrior and an orc wizard.

Vanquished Creatures
  A water moccasin (D:5)
  A sky beast (D:5)
  A necrophage (D:5)
  A centaur (D:5)
  A scorpion (D:6)
  2 jellies
  An iguana (D:5)
  An orc wizard (D:2)
  A killer bee zombie (D:5)
  An adder (D:5)
  2 gnolls (D:4)
  4 worms
  A dart slug (D:1)
  17 orcs
  8 ball pythons
  5 endoplasms
  A giant cockroach (D:2)
  6 hobgoblins
  2 jackals (D:1)
  5 quokkas
  A bat (D:1)
  5 frilled lizards
  5 goblins
  2 kobolds
  6 rats
81 creatures vanquished.

Vanquished Creatures (collateral kills)
  2 worms
  2 orcs
  A quokka (D:4)
5 creatures vanquished.

Vanquished Creatures (others)
  3 knights
  9 plants (D:4)
12 creatures vanquished.

Grand Total: 98 creatures vanquished

Notes
Turn   | Place    | Note
-------+----------+-------------------------------------------
     0 | D:1      | dolemite99 the Hill Orc Monk began the quest for the Orb.
     0 | D:1      | Reached XP level 1. HP: 19/19 MP: 1/1
   273 | D:1      | Reached XP level 2. HP: 26/26 MP: 2/2
   330 | D:1      | Found Qoeseah's Armour Emporium.
   449 | D:1      | Reached skill level 5 in Axes
   788 | D:1      | Reached XP level 3. HP: 29/31 MP: 3/3
  1540 | D:2      | Reached skill level 6 in Axes
  2066 | D:2      | Reached XP level 4. HP: 15/39 MP: 4/4
  2495 | D:3      | Noticed a black bear
  2942 | D:3      | Reached skill level 7 in Axes
  3560 | D:4      | Reached XP level 5. HP: 36/45 MP: 5/5
  3927 | D:4      | Found a staircase to the Ecumenical Temple.
  3956 | Temple   | Entered the Ecumenical Temple
  4114 | Temple   | Became a worshipper of Hepliaklqana the Forgotten
  4114 | Temple   | Reached * piety under Hepliaklqana
  4114 | Temple   | Reached ** piety under Hepliaklqana
  4115 | Temple   | Remembered your ancestor Nkonkoni as a knight
  4540 | D:4      | Noticed a yak
  4541 | D:4      | Noticed a yak
  4687 | D:4      | Reached skill level 8 in Axes
  4726 | D:5      | Entered Level 5 of the Dungeon
  5051 | D:4      | Noticed a yak
  5280 | D:5      | Noticed a sky beast
  5282 | D:5      | Noticed a centaur
  5293 | D:5      | Killed a centaur
  5294 | D:5      | Reached skill level 9 in Axes
  5294 | D:5      | Reached XP level 6. HP: 15/45 MP: 6/6
  5295 | D:5      | Killed a sky beast
  5614 | D:5      | Noticed a necrophage
  5620 | D:5      | Killed a necrophage
  5621 | D:5      | Reached skill level 10 in Axes
  5621 | D:5      | Reached XP level 7. HP: 39/51 MP: 7/7
  5794 | D:5      | Found a bloodstained altar of Trog.
  6042 | D:5      | Reached skill level 11 in Axes
  6386 | D:6      | Gained mutation: You have sharp toenails. [potion of
                  | mutation]
  6386 | D:6      | Gained mutation: Your mind is acute. (Int +2) [potion of
                  | mutation]
  6387 | D:6      | Slain by an orc warrior

Illustrated notes

Levels and vault maps discovered:
D:1:      dpeg_arrival_yet_another_circle, layout_basic, serial_shops,
          nicolae_shop_advertising_works [nicolae_subvault_shop_adworks]
D:2:      layout_basic
D:3:      layout_basic
D:4:      wad_woods_settlement, layout_basic, minmay_temple_entry_junction_2,
          nicolae_wormholes
D:5:      layout_basic, trog_butcher_becter
D:6:      layout_basic, okawaru_metal_pillars_3, serial_shops,
          nicolae_diamond_shop
Temple:   dshaligram_water_room_temple

Skill      XL: |  1  2  3  4  5  6  7 |
---------------+----------------------+-----
Axes           | 5 6 7 9 10 11 | 11.3
Fighting       | |  3.6
Dodging        | |  2.4
Stealth        | |  1.5

Action                   |  1- 3 |  4- 6 |  7- 9 || total
-------------------------+-------+-------+-------++-------
Melee: Hand axe          |   144 |   132 |       ||   276
       Punch             |       |     1 |       ||     1
       War axe           |       |    21 |    26 ||    47
Throw: Stone             |     3 |     5 |     2 ||    10
       Javelin           |       |       |     1 ||     1
Invok: Recall Ancestor   |       |     1 |       ||     1
       Ancestor Life: Kn |       |     1 |       ||     1
  Use: Scroll            |     1 |     6 |       ||     7
       Potion            |     2 |       |     2 ||     4
 Stab: Sleeping          |     1 |       |       ||     1
Armor: Robe              |     2 |       |       ||     2
       Ring mail         |    10 |       |       ||    10
       Scale mail        |    31 |    51 |     7 ||    89
Dodge: Dodged            |    61 |    75 |    14 ||   150

Table legend: (Time is in decaauts)
 A = Elapsed time spent in this place.
 B = Non-inter-level travel time spent in this place.
 C = Inter-level travel time spent in this place.
 D = Time resting spent in this place.
 E = Time spent auto-exploring this place.
 F = Levels seen in this place.
 G = Mean time per level.
                   A        B        C        D        E       F      G
               +--------+--------+--------+--------+--------+-----+--------+
         Total |   6387 |   6094 |    293 |   2071 |   2814 |   7 |  912.4 |
       Dungeon |   6212 |   5934 |    278 |   2021 |   2759 |   6 | 1035.3 |
        Temple |    175 |    160 |     15 |     50 |     55 |   1 |  175.0 |
               +--------+--------+--------+--------+--------+-----+--------+

Top non-repeatable levels by time:
     D:2: 1443 daAuts
     D:5: 1432 daAuts
     D:4: 1105 daAuts
     D:1: 1085 daAuts
     D:3: 1017 daAuts
  Temple: 175 daAuts
     D:6: 129 daAuts
